 Dungeon Crawl Stone Soup version 0.29.1-1-gd02db6906a (webtiles) character file.

Game seed: 4328050553662143868

2600 JohnEldenRing the Cleaver (level 9, 0/74 HPs)
             Began as a Gnoll Berserker on Sept 30, 2022.
             Was a Priest of Trog.
             Engulfed by a cloud of poison gas (2 damage)
             ... on level 7 of the Dungeon on Oct 1, 2022.
             The game lasted 00:36:19 (7315 turns).

JohnEldenRing the Cleaver (Gnoll Berserker)         Turns: 7315, Time: 00:36:19

Health: 0/74       AC: 10    Str: 22    XL:     9   Next: 59%
Magic:  0/15       EV: 12    Int:  7    God:    Trog [***...]
Gold:   347        SH:  0    Dex: 12    Spells: 17/17 levels left

rFire   . . .      SeeInvis .   w - +0 lajatang
rCold   . . .      Faith    .   (shield currently unavailable)
rNeg    . . .      Spirit   +   p - +0 scale mail
rPois   .          Reflect  .   (no helmet)
rElec   .          Harm     .   E - +0 cloak
rCorr   .          Rampage  .   r - +0 pair of gloves of Hityf {Str+2}
Will    +++..                   (no boots)
Stlth   +.........              q - amulet of guardian spirit
HPRegen 1.22/turn               D - ring of willpower
MPRegen 0.14/turn               (no ring)

@: lethally poisoned (0 -> -22), strong-willed, on berserk cooldown, flying,
regenerating
A: fangs 1, strong nose, distributed training
a: Renounce Religion, Berserk, Trog's Hand


You were on level 7 of the Dungeon.
You worshipped Trog.
Trog was most pleased with you.
You visited 1 branch of the dungeon, and saw 8 of its levels.

You collected 358 gold pieces.
You spent 11 gold pieces at shops.

Inventory:

Hand Weapons
 a - a +0 hand axe
 g - a +4 dagger of freezing
 i - a +0 sling
 w - a +0 lajatang (weapon)
 J - a +2 hand axe
Missiles
 b - 14 poisoned darts
 s - a throwing net
 t - 9 boomerangs (quivered)
Armour
 c - the +0 robe "Tofaurue" {Fly rF+ rC+ rCorr}
   (You found it on level 2 of the Dungeon)

   rF:        It protects you from fire.
   rC:        It protects you from cold.
   Fly:       It grants you flight.
   rCorr:     It protects you from acid and corrosion.
 p - a +0 scale mail (worn)
 r - the +0 pair of gloves of Hityf (worn) {Str+2}
   (You found it on level 5 of the Dungeon)

   Str:       It affects your strength (+2).
 C - a +0 kite shield
 E - a +0 cloak (worn)
Jewellery
 q - an amulet of guardian spirit (around neck)
 D - a ring of willpower (left hand)
 G - a +4 ring of protection
Wands
 y - a wand of flame (17)
Scrolls
 e - 2 scrolls of immolation {unknown}
 f - a scroll of magic mapping
 j - a scroll of poison
 m - a scroll of acquirement {unknown}
 n - a scroll of vulnerability {unknown}
 o - a scroll of blinking {unknown}
 v - 2 scrolls of torment
 x - a scroll of fear {unknown}
 A - a scroll of butterflies
 H - a scroll of teleportation {unknown}
 I - a scroll of amnesia {unknown}
Potions
 d - a potion of magic
 h - a potion of attraction {unknown}
 k - 2 potions of brilliance
 u - a potion of might {unknown}
 z - a potion of haste
 B - 2 potions of flight


   Skills:
 + Level 8.1 Fighting
 + Level 4.5 Short Blades
 + Level 4.5 Long Blades
 + Level 8.1 Axes
 + Level 4.5 Maces & Flails
 + Level 4.5 Polearms
 + Level 4.5 Staves
 + Level 4.5 Ranged Weapons
 + Level 4.5 Throwing
 + Level 6.5 Armour
 + Level 6.5 Dodging
 + Level 4.5 Stealth
 + Level 4.5 Shields
 + Level 4.5 Unarmed Combat
 + Level 4.5 Spellcasting
 + Level 3.7 Conjurations
 + Level 3.7 Hexes
 + Level 3.7 Summonings
 + Level 3.7 Necromancy
 + Level 3.7 Translocations
 + Level 3.7 Transmutations
 + Level 3.7 Fire Magic
 + Level 3.7 Ice Magic
 + Level 3.7 Air Magic
 + Level 3.7 Earth Magic
 + Level 3.7 Poison Magic
 + Level 5.0 Invocations
 + Level 4.5 Evocations


You had 17 spell levels left.
You didn't know any spells.
Your spell library was empty.

Dungeon Overview and Level Annotations

Branches:
Dungeon (8/15)             Temple (0/1) D:4
   Lair: D:8-11

Altars:
Ru
Vehumet
Yredelemnul

Shops:
D:5 (


Innate Abilities, Weirdness & Mutations

You have very sharp teeth.
Your uncanny sense of smell can sniff out nearby items.
Your experience applies equally to all skills.


Message History

The shadow imp misses you.
You closely miss the white imp. Your bite misses the white imp.
You are engulfed in poison gas.
You are more poisoned.
* * * LOW HITPOINT WARNING * * *
You feel extremely sick. The white imp gestures at you.
The puff of frost hits you.
* * * LOW HITPOINT WARNING * * *
The white imp closely misses you. The phantom completely misses you.
The shadow imp barely misses you.
You feel better.
You are engulfed in poison gas.
You are poisoned.
* * * LOW HITPOINT WARNING * * *
You feel very sick. The white imp closely misses you.
The white imp hits you but does no damage.
The phantom barely misses you.
The shadow imp hits you but does no damage.
Your skin crawls.
You feel strong-willed.
You are engulfed in poison gas.
You are more poisoned.
* * * LOW HITPOINT WARNING * * *
x2 You feel very sick.
A nearby demonic plant withers and dies.
The white imp closely misses you. The white imp hits you.
* * * LOW HITPOINT WARNING * * *
The white imp freezes you.
* * * LOW HITPOINT WARNING * * *
The phantom hits you.
* * * LOW HITPOINT WARNING * * *
The phantom blinks!
You blink.
Unknown command.
Okay, then.
It was a potion of flight.
You feel very buoyant.
You fly up into the air.
You are engulfed in poison gas.
You are more poisoned.
You die...

##.#.## ##..... #.
#..§#.#
#.######.§§§)#
#P♣§§§.#§☼☼○.###.
##.§§○○P#○☼○☼?....
##.P§§§§5§§§§§.#
#...§§{☼5§§@§○.#
#.#..~5○§§W§5§.....
#.#..oo5.##..####..
##>#.#######.##
.....### #[#
.<.###.....##.##.####
.....§..:....#......#
#.#..#.....##.##..#
#. .....$....†..#


You could see a phantom, 2 white imps, a shadow imp, 2 orcs and 2 ufetubi.

Vanquished Creatures
  A wyvern (D:6)
  A steam dragon (D:6)
  A water moccasin (D:5)
  A sky beast (D:6)
  6 ice beasts
  2 ogres
  A centaur (D:5)
  A phantom (D:5)
  A bullfrog (D:8)
  A necrophage (D:6)
  4 scorpions
  7 wights
  A jelly (D:7)
  A gnoll bouda (D:4)
  5 iguanas
  Natasha (thrice) (D:4)
  2 orc wizards (D:4)
  5 gnolls (D:4)
  5 adders
  A shadow imp (D:6)
  2 white imps
  2 ufetubi
  3 worms
  A dart slug (D:3)
  13 orcs
  2 bats
  7 endoplasms
  2 giant cockroaches
  6 goblins
  5 hobgoblins
  10 jackals
  11 kobolds
  6 quokkas
  3 training dummies (D:5)
  6 ball pythons
  2 frilled lizards (D:2)
  5 rats
136 creatures vanquished.

Vanquished Creatures (others)
  4 demonic plants (D:7)
  5 fungi (D:2)
  4 toadstools (D:2)
13 creatures vanquished.

Grand Total: 149 creatures vanquished

Notes
Turn   | Place    | Note
-------+----------+-------------------------------------------
     0 | D:1      | JohnEldenRing the Gnoll Berserker began the quest for the
                  | Orb.
     0 | D:1      | Reached XP level 1. HP: 23/23 MP: 1/1
   330 | D:1      | Found a faded altar of an unknown god.
   350 | D:2      | Reached XP level 2. HP: 20/29 MP: 2/2
   681 | D:3      | Reached XP level 3. HP: 35/35 MP: 3/3
   778 | D:3      | Reached skill level 1 in Invocations
   824 | D:4      | You fall into a shaft and drop 1 floor!
   824 | D:5      | Entered Level 5 of the Dungeon
   843 | D:5      | Reached skill level 1 in Short Blades
   843 | D:5      | Reached skill level 1 in Long Blades
   843 | D:5      | Reached skill level 1 in Maces & Flails
   843 | D:5      | Reached skill level 1 in Polearms
   843 | D:5      | Reached skill level 1 in Staves
   843 | D:5      | Reached skill level 1 in Ranged Weapons
   843 | D:5      | Reached skill level 1 in Throwing
   843 | D:5      | Reached skill level 1 in Stealth
   843 | D:5      | Reached skill level 1 in Shields
   843 | D:5      | Reached skill level 1 in Unarmed Combat
   843 | D:5      | Reached skill level 1 in Spellcasting
   843 | D:5      | Reached skill level 1 in Evocations
   843 | D:5      | Reached XP level 4. HP: 38/41 MP: 5/5
   867 | D:5      | Reached skill level 1 in Conjurations
   867 | D:5      | Reached skill level 1 in Hexes
   867 | D:5      | Reached skill level 1 in Summonings
   867 | D:5      | Reached skill level 1 in Necromancy
   867 | D:5      | Reached skill level 1 in Translocations
   867 | D:5      | Reached skill level 1 in Transmutations
   867 | D:5      | Reached skill level 1 in Fire Magic
   867 | D:5      | Reached skill level 1 in Ice Magic
   867 | D:5      | Reached skill level 1 in Air Magic
   867 | D:5      | Reached skill level 1 in Earth Magic
   867 | D:5      | Reached skill level 1 in Poison Magic
   895 | D:6      | Noticed a sky beast
   908 | D:6      | Killed a sky beast
   909 | D:6      | Reached XP level 5. HP: 47/47 MP: 5/7
  1151 | D:7      | Reached XP level 6. HP: 53/53 MP: 8/8
  1320 | D:8      | Reached skill level 5 in Armour
  1320 | D:8      | Reached skill level 5 in Dodging
  1924 | D:6      | Reached XP level 7. HP: 55/60 MP: 10/10
  2452 | D:5      | Found Fellaqobo's Firing Range.
  2463 | D:5      | Identified the +0 pair of gloves of Hityf {Str+2}
  2521 | D:5      | Bought 2 boomerangs for 11 gold pieces
  2554 | D:4      | Reached ** piety under Trog
  2705 | D:4      | Found a basalt altar of Yredelemnul.
  2798 | D:4      | Found a staircase to the Ecumenical Temple.
  2824 | D:4      | Reached XP level 8. HP: 26/67 MP: 2/12
  3917 | D:2      | Identified the +0 robe "Tofaurue" {Fly rF+ rC+ rCorr}
  4761 | D:4      | Noticed Natasha
  4769 | D:4      | Killed Natasha
  4843 | D:4      | Found a radiant altar of Vehumet.
  4880 | D:4      | Noticed Natasha
  4885 | D:4      | Killed Natasha
  4914 | D:4      | Reached *** piety under Trog
  4914 | D:4      | Noticed Natasha
  4920 | D:4      | Killed Natasha
  5790 | D:5      | Reached XP level 9. HP: 73/73 MP: 14/14
  6425 | D:6      | Found a sacrificial altar of Ru.
  7284 | D:7      | Reached skill level 5 in Invocations
  7314 | D:7      | HP: 2/74 [phantom (2)]
  7315 | D:7      | Engulfed by a cloud of poison gas

Illustrated notes

Levels and vault maps discovered:
D:1:      erik_arrival_orb_chamber, layout_basic, basic_ecumenical_altar,
          minmay_pentomino_o2
D:2:      layout_rooms, minmay_gold_behind_fungi, due_unseen_surprise
D:3:      layout_basic
D:4:      minmay_spotlight, layout_basic, mainiacjoe_overflow_brackets,
          vehumet_crystals, minmay_temple_entry_slanted, uniq_natasha
D:5:      layout_rooms, nicolae_shop_firing_range
D:6:      layout_cave_pods, nicolae_ru_awakened_eye
D:7:      layout_loops_ring, serial_demonic, serial_demonic_f, serial_demonic_f,
          serial_demonic_d, serial_demonic_g, serial_demonic_f
D:8:      layout_loops_ring, lair_entry_dummy, uniq_maurice,
          uniq_prince_ribbit1, uniq_maggie

Skill      XL: |  1  2  3  4  5  6  7  8  9 |
---------------+----------------------------+-----
Invocations    | 1 2 3 4 5 |  5.0
Short Blades   | 1 2 3 4 |  4.5
Long Blades    | 1 2 3 4 |  4.5
Maces & Flails | 1 2 3 4 |  4.5
Polearms       | 1 2 3 4 |  4.5
Staves         | 1 2 3 4 |  4.5
Ranged Weapons | 1 2 3 4 |  4.5
Throwing       | 1 2 3 4 |  4.5
Stealth        | 1 2 3 4 |  4.5
Shields        | 1 2 3 4 |  4.5
Unarmed Combat | 1 2 3 4 |  4.5
Spellcasting   | 1 2 3 4 |  4.5
Evocations     | 1 2 3 4 |  4.5
Conjurations   | 1 2 3 |  3.7
Hexes          | 1 2 3 |  3.7
Summonings     | 1 2 3 |  3.7
Necromancy     | 1 2 3 |  3.7
Translocations | 1 2 3 |  3.7
Transmutations | 1 2 3 |  3.7
Fire Magic     | 1 2 3 |  3.7
Ice Magic      | 1 2 3 |  3.7
Air Magic      | 1 2 3 |  3.7
Earth Magic    | 1 2 3 |  3.7
Poison Magic   | 1 2 3 |  3.7
Armour         | 5 6 |  6.5
Dodging        | 5 6 |  6.5
Fighting       | 7 8 |  8.1
Axes           | 7 8 |  8.1

Action                   |  1- 3 |  4- 6 |  7- 9 || total
-------------------------+-------+-------+-------++-------
Melee: Hand axe          |    65 |    66 |    23 ||   154
       Bite              |     5 |     4 |    42 ||    51
       Punch             |       |     3 |     4 ||     7
       Dagger            |       |       |    79 ||    79
       Great sword       |       |       |    38 ||    38
       Lajatang          |       |       |   262 ||   262
 Fire: Sling             |    17 |    10 |       ||    27
Throw: Stone             |    11 |       |       ||    11
       Dart              |       |     2 |       ||     2
       Boomerang         |       |       |    53 ||    53
Invok: Berserk           |     1 |     2 |     3 ||     6
       Trog's Hand       |       |       |     3 ||     3
Evoke: Wand              |       |       |     1 ||     1
  Use: Scroll            |       |     4 |     5 ||     9
       Potion            |       |       |     5 ||     5
Armor: Animal skin       |     4 |       |       ||     4
       Ring mail         |    11 |     8 |       ||    19
       Scale mail        |       |     8 |   208 ||   216
Dodge: Dodged            |    54 |    36 |   294 ||   384
